Panthers vs Lightning
(R1)
Created - February 10, 2024 at 00:07
Goals
|
| Panthers |
0 |
0 |
2 |
2 |
| Lightning |
2 |
2 |
2 |
6 |
|
Shots
|
| Panthers |
7 |
11 |
3 |
21 |
| Lightning |
6 |
11 |
19 |
36 |
|
1st period
1. Lightning , Nikita Kucherov 24 (Brendan Lemieux 25, John Carlson 29) at 4:53
2. Lightning , Jack Roslovic 16 (Brock Boeser 21) at 7:56
Penalties :
Jakob Chychrun (T.B) for High sticking (Minor) at 1:08, Blake Geoffrion (Flo) for Tripping (Minor) at 13:06, Tyler Kennedy (T.B) for Tripping (Minor) at 15:24
2nd period
3. Lightning , Shayne Gostisbehere 3 (Jack Roslovic 26, Alex Nedeljkovic) at 3:03 (PP)
4. Lightning , John Carlson 7 (Nikita Kucherov 26) at 18:53
Penalties :
Alex Goligoski (Flo) for Tripping (Minor) at 2:52, Brendan Lemieux (T.B) for Hooking (Minor) at 4:45, Kirill Kaprizov (Flo) for Roughing (Minor) at 9:31
3rd period
5. Lightning , Michael Kostka 1 (Shayne Gostisbehere 23, Brock Boeser 22) at 5:03 (PP)
6. Panthers , Kris Versteeg 24 (Matt Duchene 47, Alex Pietrangelo 33) at 5:16
7. Lightning , Jesper Fast 6 (Ryan Getzlaf 7, Michael Kostka 18) at 6:12
8. Panthers , Matt Duchene 27 (Nikita Tryamkin 7) at 10:28
Penalties :
Kris Versteeg (Flo) for Holding Stick (Minor) at 4:08
Goalie Stats
Brian Elliott (Flo), 30 saves from 36 shots - (0.833), L, 7-12-2, 60:00 minutes
Alex Nedeljkovic (T.B), 19 saves from 21 shots - (0.905), W, 20-15-3, 60:00 minutes
Players Stats for Panthers
Player Name G A P +/- PIM S H SB GA TA FO MP PP MP PK MP
------------------------------------------------------------------------------------
Alex Goligoski 0 0 0 1 2 1 1 1 0 0 0/0 22:01 2:07 2:26
Alex Iafallo 0 0 0 -1 0 2 3 0 1 1 0/1 20:02 2:58 1:58
Alex Pietrangelo 0 1 1 1 0 3 1 2 2 1 0/0 29:44 3:50 3:21
Alexander Semin 0 0 0 -2 0 1 3 0 0 0 0/0 11:53 0:00 0:10
Blake Geoffrion 0 0 0 0 2 0 0 0 1 0 0/0 6:31 0:00 0:00
Danny DeKeiser 0 0 0 0 0 1 1 0 0 0 0/0 12:32 0:00 2:26
Elias Lindholm 0 0 0 -2 0 0 3 0 1 0 2/6 12:07 0:00 0:56
Griffin Reinhart 0 0 0 -3 0 0 1 0 1 2 0/0 17:59 3:50 0:00
Jerry D'Amigo 0 0 0 0 0 0 2 0 0 0 1/1 6:27 0:00 0:00
Kirill Kaprizov 0 0 0 1 2 0 0 0 0 1 2/4 19:13 2:59 0:00
Kris Versteeg 1 0 1 1 2 3 2 0 0 0 0/1 21:26 2:59 2:13
Matt Duchene 1 1 2 1 0 3 0 0 1 0 17/26 18:42 2:59 0:00
Miro Aaltonen 0 0 0 -1 0 2 5 0 1 0 7/12 19:48 2:58 1:44
Nikita Tryamkin 0 1 1 -3 0 2 0 1 0 1 0/0 16:25 2:07 0:00
Niklas Hansson 0 0 0 0 0 0 0 1 0 1 0/0 20:46 0:00 1:55
Petr Straka 0 0 0 -2 0 1 0 0 1 0 1/1 11:06 0:00 0:00
Quinton Howden 0 0 0 0 0 1 0 0 0 1 2/7 10:06 0:00 3:07
Victor Oreskovich 0 0 0 -1 0 1 3 1 0 0 0/0 18:04 2:58 0:00
Players Stats for Lightning
Player Name G A P +/- PIM S H SB GA TA FO MP PP MP PK MP
------------------------------------------------------------------------------------
Alex Killorn 0 0 0 1 0 0 0 0 0 0 0/0 8:23 0:01 1:36
Anthony Cirelli 0 0 0 1 0 0 2 2 0 0 0/0 18:13 2:13 0:24
Brendan Lemieux 0 1 1 0 2 4 1 0 1 1 0/2 21:22 2:50 1:50
Brock Boeser 0 2 2 1 0 3 0 0 1 0 0/0 17:27 2:13 0:00
Jack Roslovic 1 1 2 1 0 3 2 0 2 0 6/13 19:00 2:13 1:06
Jakob Chychrun 0 0 0 1 2 0 1 2 1 0 0/0 16:39 2:40 0:00
Jesper Fast 1 0 1 1 0 1 0 0 0 0 0/0 8:20 0:00 1:41
Jimmy Vesey 0 0 0 0 0 1 1 0 0 0 0/0 10:16 0:00 0:00
John Carlson 1 1 2 1 0 2 2 1 0 1 0/0 26:46 2:40 3:28
Michael Kostka 1 1 2 0 0 2 2 1 0 3 0/0 20:44 2:24 2:29
Nikita Kucherov 1 1 2 0 0 9 1 1 1 0 1/1 19:14 2:51 0:00
Noah Hanifin 0 0 0 1 0 0 1 0 0 2 0/0 12:30 0:00 0:00
Patrice Bergeron 0 0 0 0 0 1 2 0 0 0 4/9 11:50 0:03 1:31
Ryan Getzlaf 0 1 1 1 0 0 1 0 1 0 1/4 9:14 0:00 2:57
Shayne Gostisbehere 1 1 2 0 0 6 2 0 0 2 0/0 20:44 2:24 2:29
Tyler Kennedy 0 0 0 0 2 2 1 0 0 0 0/0 11:31 0:00 0:49
Victor Hedman 0 0 0 1 0 0 0 3 0 0 0/0 22:36 0:00 3:28
Yanni Gourde 0 0 0 0 0 2 1 0 1 0 15/30 19:11 2:48 0:00
3 Stars
1 - John Carlson (T.B)
2 - Jack Roslovic (T.B)
3 - Michael Kostka (T.B)
Power Play
Panthers - 0 on 3 Attempt(s) - 0.00%
Lightning - 2 on 4 Attempt(s) - 50.00%
Penalty Kill
Panthers - 2 on 4 Attempt(s) - 50.00%
- Score 0 goal in Penalty Kill
Lightning - 3 on 3 Attempt(s) - 100.00%
- Score 0 goal in Penalty Kill
Team Stat
Panthers - Hits : 25 - Faceoff Wins : 32 - Blocked Shots : 6 - Penalty Minutes : 8
Lightning - Hits : 20 - Faceoff Wins : 27 - Blocked Shots : 10 - Penalty Minutes : 6
Official
Referees : Brandon Schrader and Francois St. Laurent
Linesman : Steve Miller and Andrew Smith
Game Notes
Danny DeKeiser is injured at 0:56 of 3rd period (Right Hand)
Finance
Level 1 -- Attendance: 6000 (100.00%) -- Ticket Income $600,000
Level 2 -- Attendance: 5000 (100.00%) -- Ticket Income $300,000
Level 3 -- Attendance: 2000 (100.00%) -- Ticket Income $70,000
Level 4 -- Attendance: 4000 (100.00%) -- Ticket Income $100,000
Luxury Box -- Attendance: 1000 (100.00%) -- Ticket Income $200,000
Game was played at the Amalie Arena.
Total Attendance: 18000 (100.00%)
Total Ticket Income: $1,270,000
Other Income: $190,500
Total Income: $1,460,500
Panthers
5 vs 5 Forward
Center Left Wing Right Wing Time % Phy DF OF
1 Matt Duchene Kirill Kaprizov Kris Versteeg 40 0 2 3
2 Miro Aaltonen Alex Iafallo Victor Oreskovich 30 0 2 3
3 Elias Lindholm Alexander Semin Petr Straka 20 1 2 2
4 Quinton Howden Blake Geoffrion Jerry D'Amigo 10 1 2 2
5 vs 5 Defense
Defense Defense Time % Phy DF OF
1 Alex Pietrangelo Niklas Hansson 40 0 2 3
2 Alex Goligoski Danny DeKeiser 30 0 2 3
3 Griffin Reinhart Nikita Tryamkin 20 1 2 2
4 Alex Pietrangelo Niklas Hansson 10 0 2 3
PowerPlay Forward
Center Left Wing Right Wing Time % Phy DF OF
1 Matt Duchene Kirill Kaprizov Kris Versteeg 60 0 1 4
2 Miro Aaltonen Alex Iafallo Victor Oreskovich 40 0 1 4
PowerPlay Defense
Defense Defense Time % Phy DF OF
1 Alex Pietrangelo Griffin Reinhart 60 0 2 3
2 Alex Goligoski Nikita Tryamkin 40 0 2 3
Penalty Kill 4 Players Forward
Center Wing Time % Phy DF OF
1 Quinton Howden Kris Versteeg 60 1 3 1
2 Miro Aaltonen Alex Iafallo 40 1 3 1
Penalty Kill 4 Players Defense
Defense Defense Time % Phy DF OF
1 Alex Pietrangelo Danny DeKeiser 60 1 3 1
2 Alex Goligoski Niklas Hansson 40 1 3 1
Penalty Kill - 3 Players Forward
Forward Time % Phy DF OF
1 Kris Versteeg 60 1 3 1
2 Quinton Howden 40 1 3 1
Penalty Kill - 3 Players Defense
Defense Defense Time % Phy DF OF
1 Alex Pietrangelo Danny DeKeiser 60 1 3 1
2 Alex Goligoski Niklas Hansson 40 1 3 1
4 vs 4 Forward
Center Wing Time % Phy DF OF
1 Matt Duchene Kirill Kaprizov 60 0 2 3
2 Miro Aaltonen Kris Versteeg 40 0 2 3
4 vs 4 Defense
Defense Defense Time % Phy DF OF
1 Alex Pietrangelo Niklas Hansson 60 0 2 3
2 Alex Goligoski Danny DeKeiser 40 1 2 2
Last Minutes Offensive
Center Left Wing Right Wing Defense Defense
Matt Duchene Kirill Kaprizov Kris Versteeg Alex Pietrangelo Alex Goligoski
Last Minutes Defensive
Center Left Wing Right Wing Defense Defense
Quinton Howden Alex Iafallo Kris Versteeg Danny DeKeiser Niklas Hansson
Goaltenders
Starting : Brian Elliott
Backup : Ville Husso
Extra Forwards
Normal : Alex Iafallo, Matt Duchene, Kris Versteeg - PP : Miro Aaltonen, Matt Duchene - PK : Miro Aaltonen
Extra Defensemen
Normal : Alex Goligoski, Alex Pietrangelo, Danny DeKeiser - PP : Alex Pietrangelo - PK : Alex Goligoski, Niklas Hansson
Penalty Shots
Quinton Howden, Alexander Semin, Miro Aaltonen, Kris Versteeg, Matt Duchene
Custom OT Lines Forwards
Matt Duchene, Kris Versteeg, Alex Iafallo, Alexander Semin, Miro Aaltonen, Quinton Howden, Blake Geoffrion, Elias Lindholm, Kirill Kaprizov, Petr Straka
Custom OT Lines Defensemen
Alex Pietrangelo, Alex Goligoski, Niklas Hansson, Danny DeKeiser, Griffin Reinhart
Scratches
None
Lightning
5 vs 5 Forward
Center Left Wing Right Wing Time % Phy DF OF
1 Yanni Gourde Brendan Lemieux Nikita Kucherov 40 1 2 2
2 Jack Roslovic Anthony Cirelli Brock Boeser 30 1 2 2
3 Patrice Bergeron Jimmy Vesey Tyler Kennedy 20 1 2 2
4 Ryan Getzlaf Alex Killorn Jesper Fast 10 1 2 2
5 vs 5 Defense
Defense Defense Time % Phy DF OF
1 John Carlson Victor Hedman 40 1 2 2
2 Michael Kostka Shayne Gostisbehere 30 1 2 2
3 Noah Hanifin Jakob Chychrun 20 1 2 2
4 John Carlson Jakob Chychrun 10 1 2 2
PowerPlay Forward
Center Left Wing Right Wing Time % Phy DF OF
1 Yanni Gourde Brendan Lemieux Nikita Kucherov 60 1 2 2
2 Jack Roslovic Anthony Cirelli Brock Boeser 40 1 2 2
PowerPlay Defense
Defense Defense Time % Phy DF OF
1 John Carlson Jakob Chychrun 60 1 2 2
2 Michael Kostka Shayne Gostisbehere 40 1 2 2
Penalty Kill 4 Players Forward
Center Wing Time % Phy DF OF
1 Ryan Getzlaf Brendan Lemieux 60 1 2 2
2 Patrice Bergeron Tyler Kennedy 40 1 2 2
Penalty Kill 4 Players Defense
Defense Defense Time % Phy DF OF
1 John Carlson Victor Hedman 60 1 2 2
2 Michael Kostka Shayne Gostisbehere 40 1 2 2
Penalty Kill - 3 Players Forward
Forward Time % Phy DF OF
1 Ryan Getzlaf 60 1 2 2
2 Patrice Bergeron 40 1 2 2
Penalty Kill - 3 Players Defense
Defense Defense Time % Phy DF OF
1 John Carlson Victor Hedman 60 1 2 2
2 Michael Kostka Shayne Gostisbehere 40 1 2 2
4 vs 4 Forward
Center Wing Time % Phy DF OF
1 Nikita Kucherov Yanni Gourde 60 1 2 2
2 Brendan Lemieux Ryan Getzlaf 40 1 2 2
4 vs 4 Defense
Defense Defense Time % Phy DF OF
1 John Carlson Victor Hedman 60 1 2 2
2 Michael Kostka Shayne Gostisbehere 40 1 2 2
Last Minutes Offensive
Center Left Wing Right Wing Defense Defense
Yanni Gourde Brendan Lemieux Nikita Kucherov John Carlson Jakob Chychrun
Last Minutes Defensive
Center Left Wing Right Wing Defense Defense
Yanni Gourde Brendan Lemieux Tyler Kennedy John Carlson Shayne Gostisbehere
Goaltenders
Starting : Alex Nedeljkovic
Backup : Marc-André Fleury
Extra Forwards
Normal : Jack Roslovic, Brock Boeser, Jesper Fast - PP : Jack Roslovic, Brock Boeser - PK : Jesper Fast
Extra Defensemen
Normal : Noah Hanifin, Jakob Chychrun, Michael Kostka - PP : Noah Hanifin - PK : Jakob Chychrun, Michael Kostka
Penalty Shots
Nikita Kucherov, Yanni Gourde, Brendan Lemieux, Brock Boeser, Anthony Cirelli
Custom OT Lines Forwards
Nikita Kucherov, Yanni Gourde, Brendan Lemieux, Ryan Getzlaf, Tyler Kennedy, Jimmy Vesey, Jack Roslovic, Brock Boeser, Jesper Fast, Patrice Bergeron
Custom OT Lines Defensemen
John Carlson, Victor Hedman, Michael Kostka, Shayne Gostisbehere, Noah Hanifin
Scratches
Daultan Leveillé (Healthy)
% Time on Ice - Panthers
Lines # - Real PCT - Wanted PCT - Time Play
Normal Forward
1 - 33% - 40% - 16:20
2 - 31% - 30% - 15:06
3 - 23% - 20% - 11:06
4 - 13% - 10% - 6:27
Normal Defense
1 - 33% - 40% - 16:14
2 - 40% - 30% - 19:24
3 - 24% - 20% - 11:50
4 - 3% - 10% - 1:31
PP Forward
1 - 50% - 60% - 2:59
2 - 50% - 40% - 2:58
PP Defense
1 - 64% - 60% - 3:50
2 - 36% - 40% - 2:07
PK Forward
1 - 88% - 60% - 4:27
2 - 12% - 40% - 0:37
PK Defense
1 - 66% - 60% - 3:21
2 - 34% - 40% - 1:43
PK3 Forward
1 - 0% - 60%
2 - 0% - 40%
PK3 Defense
1 - 0% - 60%
2 - 0% - 40%
44 Forward
1 - 0% - 60%
2 - 0% - 40%
44 Defense
1 - 0% - 60%
2 - 0% - 40%
Last Minute Offensive - 0:00
Last Minute Defensive - 0:00
Total
Forward - 60:00
Defense - 60:00
|
% Time on Ice - Lightning
Lines # - Real PCT - Wanted PCT - Time Play
Normal Forward
1 - 35% - 40% - 17:12
2 - 31% - 30% - 15:14
3 - 21% - 20% - 10:16
4 - 13% - 10% - 6:17
Normal Defense
1 - 39% - 40% - 19:08
2 - 32% - 30% - 15:51
3 - 24% - 20% - 11:59
4 - 4% - 10% - 2:01
PP Forward
1 - 56% - 60% - 2:51
2 - 44% - 40% - 2:13
PP Defense
1 - 53% - 60% - 2:40
2 - 47% - 40% - 2:24
PK Forward
1 - 75% - 60% - 4:26
2 - 25% - 40% - 1:31
PK Defense
1 - 58% - 60% - 3:28
2 - 42% - 40% - 2:29
PK3 Forward
1 - 0% - 60%
2 - 0% - 40%
PK3 Defense
1 - 0% - 60%
2 - 0% - 40%
44 Forward
1 - 0% - 60%
2 - 0% - 40%
44 Defense
1 - 0% - 60%
2 - 0% - 40%
Last Minute Offensive - 0:00
Last Minute Defensive - 0:00
Total
Forward - 60:00
Defense - 60:00
|
Play-by-Play
1st period
0:01 of 1st period - Yanni Gourde wins face-off versus Matt Duchene in neutral zone.
0:28 of 1st period - Backhand shot by Alex Pietrangelo.
0:28 of 1st period - Stopped by Alex Nedeljkovic without a rebound.
0:29 of 1st period - Miro Aaltonen wins face-off versus Jack Roslovic in Lightning zone.
0:30 of 1st period - Snap shot by Victor Oreskovich.
0:30 of 1st period - Stopped by Alex Nedeljkovic with a rebound.
0:32 of 1st period - Slapshot by Victor Oreskovich.
0:32 of 1st period - Shot Blocked by Michael Kostka.
1:03 of 1st period - Snap shot by Alex Iafallo.
1:03 of 1st period - Stopped by Alex Nedeljkovic with a rebound.
1:05 of 1st period - Slapshot by Nikita Tryamkin.
1:05 of 1st period - Stopped by Alex Nedeljkovic without a rebound.
1:06 of 1st period - Patrice Bergeron wins face-off versus Elias Lindholm in Lightning zone.
1:08 of 1st period - Minor Penalty to Jakob Chychrun for High sticking.
1:09 of 1st period - Matt Duchene wins face-off versus Ryan Getzlaf in Lightning zone.
3:08 of 1st period - Penalty to Jakob Chychrun is over, Jakob Chychrun is back on ice.
3:14 of 1st period - Jack Roslovic is hit by Miro Aaltonen and loses puck.
3:31 of 1st period - John Carlson is hit by Elias Lindholm and loses puck.
3:46 of 1st period - Slapshot by Quinton Howden.
3:46 of 1st period - Stopped by Alex Nedeljkovic without a rebound.
3:47 of 1st period - Jerry D'Amigo wins face-off versus Patrice Bergeron in Lightning zone.
4:03 of 1st period - Slapshot by Alex Pietrangelo.
4:03 of 1st period - Shot Misses the Net.
4:37 of 1st period - Off-side.
4:38 of 1st period - Yanni Gourde wins face-off versus Elias Lindholm in neutral zone.
4:53 of 1st period - Snap shot by Nikita Kucherov.
4:53 of 1st period - Goal by Nikita Kucherov - Panthers : 0 - Lightning : 1.
4:54 of 1st period - Yanni Gourde wins face-off versus Matt Duchene in neutral zone.
5:21 of 1st period - Alex Iafallo is hit by John Carlson and loses puck.
5:28 of 1st period - Snap shot by Brock Boeser.
5:28 of 1st period - Stopped by Brian Elliott without a rebound.
5:29 of 1st period - Kirill Kaprizov wins face-off versus Patrice Bergeron in Panthers zone.
5:43 of 1st period - Off-side.
5:44 of 1st period - Miro Aaltonen wins face-off versus Yanni Gourde in neutral zone.
5:47 of 1st period - Victor Hedman is hit by Alex Iafallo and loses puck.
5:54 of 1st period - Snap shot by Miro Aaltonen.
5:54 of 1st period - Deflect By Alex Iafallo.
5:54 of 1st period - Shot Blocked by John Carlson.
5:54 of 1st period - Puck is out of play.
5:55 of 1st period - Matt Duchene wins face-off versus Yanni Gourde in Lightning zone.
7:50 of 1st period - Off-side.
7:51 of 1st period - Jack Roslovic wins face-off versus Miro Aaltonen in neutral zone.
7:56 of 1st period - Slapshot by Jack Roslovic.
7:56 of 1st period - Goal by Jack Roslovic - Panthers : 0 - Lightning : 2.
7:57 of 1st period - Matt Duchene wins face-off versus Yanni Gourde in neutral zone.
8:24 of 1st period - Victor Oreskovich is hit by John Carlson and loses puck.
8:53 of 1st period - Danny DeKeiser is hit by Patrice Bergeron and loses puck.
9:12 of 1st period - Wrist shot by Petr Straka.
9:12 of 1st period - Stopped by Alex Nedeljkovic with a rebound.
9:14 of 1st period - Wrist shot by Elias Lindholm.
9:14 of 1st period - Shot Hit the Post.
9:16 of 1st period - Snap shot by Danny DeKeiser.
9:16 of 1st period - Stopped by Alex Nedeljkovic without a rebound.
9:17 of 1st period - Yanni Gourde wins face-off versus Matt Duchene in Lightning zone.
9:22 of 1st period - Snap shot by Brendan Lemieux.
9:22 of 1st period - Shot Blocked by Niklas Hansson.
10:22 of 1st period - Icing by Alex Goligoski.
10:23 of 1st period - Petr Straka wins face-off versus Ryan Getzlaf in Panthers zone.
10:37 of 1st period - Off-side.
10:38 of 1st period - Miro Aaltonen wins face-off versus Yanni Gourde in neutral zone.
10:41 of 1st period - Slapshot by Alex Pietrangelo.
10:41 of 1st period - Shot Misses the Net.
11:03 of 1st period - John Carlson is hit by Alexander Semin and loses puck.
11:11 of 1st period - Off-side.
11:12 of 1st period - Jack Roslovic wins face-off versus Matt Duchene in neutral zone.
11:40 of 1st period - Off-side.
11:41 of 1st period - Yanni Gourde wins face-off versus Elias Lindholm in neutral zone.
11:56 of 1st period - Wrist shot by Brendan Lemieux.
11:56 of 1st period - Stopped by Brian Elliott with a rebound.
11:58 of 1st period - Wrist shot by Yanni Gourde.
11:58 of 1st period - Stopped by Brian Elliott with a rebound.
13:06 of 1st period - Minor Penalty to Blake Geoffrion for Tripping.
13:07 of 1st period - Yanni Gourde wins face-off versus Quinton Howden in Panthers zone.
13:38 of 1st period - Slapshot by Shayne Gostisbehere.
13:38 of 1st period - Stopped by Brian Elliott with a rebound.
15:06 of 1st period - Penalty to Blake Geoffrion is over, Blake Geoffrion is back on ice.
15:14 of 1st period - Wrist shot by Elias Lindholm.
15:14 of 1st period - Shot Misses the Net.
15:24 of 1st period - Minor Penalty to Tyler Kennedy for Tripping.
15:25 of 1st period - Ryan Getzlaf wins face-off versus Miro Aaltonen in Lightning zone.
15:36 of 1st period - Snap shot by Miro Aaltonen.
15:36 of 1st period - Shot Misses the Net.
16:32 of 1st period - Matt Duchene is hit by Michael Kostka and loses puck.
17:24 of 1st period - Penalty to Tyler Kennedy is over, Tyler Kennedy is back on ice.
18:09 of 1st period - Off-side.
18:10 of 1st period - Elias Lindholm wins face-off versus Patrice Bergeron in neutral zone.
18:38 of 1st period - Noah Hanifin is hit by Kris Versteeg and loses puck.
19:22 of 1st period - Slapshot by Jimmy Vesey.
19:22 of 1st period - Shot Misses the Net.
19:32 of 1st period - Alex Killorn is hit by Alexander Semin and loses puck.
Goals for this period are 0 for Panthers vs 2 for Lightning.
Shots for this period are 7 for Panthers vs 6 for Lightning.
2nd period
0:01 of 2nd period - Yanni Gourde wins face-off versus Matt Duchene in neutral zone.
0:10 of 2nd period - Wrist shot by Matt Duchene.
0:10 of 2nd period - Shot Misses the Net.
0:12 of 2nd period - Wrist shot by Kris Versteeg.
0:12 of 2nd period - Shot Misses the Net.
0:41 of 2nd period - John Carlson is hit by Elias Lindholm and loses puck.
1:16 of 2nd period - Snap shot by Matt Duchene.
1:16 of 2nd period - Stopped by Alex Nedeljkovic with a rebound.
1:22 of 2nd period - Slapshot by Kris Versteeg.
1:22 of 2nd period - Shot Misses the Net.
1:24 of 2nd period - Slapshot by Niklas Hansson.
1:24 of 2nd period - Shot Blocked by Victor Hedman.
2:12 of 2nd period - Wrist shot by Alexander Semin.
2:12 of 2nd period - Shot Blocked by Victor Hedman.
2:22 of 2nd period - Jack Roslovic is hit by Miro Aaltonen and loses puck.
2:52 of 2nd period - Minor Penalty to Alex Goligoski for Tripping.
2:53 of 2nd period - Quinton Howden wins face-off versus Jack Roslovic in Panthers zone.
3:03 of 2nd period - Slapshot by Shayne Gostisbehere.
3:03 of 2nd period - Goal by Shayne Gostisbehere - Panthers : 0 - Lightning : 3.
3:04 of 2nd period - Yanni Gourde wins face-off versus Kris Versteeg in neutral zone.
3:07 of 2nd period - Slapshot by Shayne Gostisbehere.
3:07 of 2nd period - Stopped by Brian Elliott with a rebound.
3:09 of 2nd period - Slapshot by Michael Kostka.
3:09 of 2nd period - Stopped by Brian Elliott with a rebound.
3:11 of 2nd period - Slapshot by Michael Kostka.
3:11 of 2nd period - Shot Misses the Net.
3:13 of 2nd period - Snap shot by Yanni Gourde.
3:13 of 2nd period - Stopped by Brian Elliott without a rebound.
3:14 of 2nd period - Matt Duchene wins face-off versus Yanni Gourde in Panthers zone.
3:34 of 2nd period - Wrist shot by Nikita Kucherov.
3:34 of 2nd period - Stopped by Brian Elliott with a rebound.
3:38 of 2nd period - Wrist shot by Nikita Kucherov.
3:38 of 2nd period - Deflect By Brendan Lemieux.
3:38 of 2nd period - Stopped by Brian Elliott with a rebound.
3:42 of 2nd period - Wrist shot by Yanni Gourde.
3:42 of 2nd period - Deflect By Nikita Kucherov.
3:42 of 2nd period - Stopped by Brian Elliott without a rebound.
3:43 of 2nd period - Jack Roslovic wins face-off versus Miro Aaltonen in Panthers zone.
3:50 of 2nd period - Wrist shot by Brock Boeser.
3:50 of 2nd period - Stopped by Brian Elliott without a rebound.
3:51 of 2nd period - Miro Aaltonen wins face-off versus Jack Roslovic in Panthers zone.
4:11 of 2nd period - Slapshot by Miro Aaltonen.
4:11 of 2nd period - Stopped by Alex Nedeljkovic with a rebound.
4:21 of 2nd period - Wrist shot by Miro Aaltonen.
4:21 of 2nd period - Deflect By Alex Iafallo.
4:21 of 2nd period - Stopped by Alex Nedeljkovic without a rebound.
4:22 of 2nd period - Yanni Gourde wins face-off versus Matt Duchene in Lightning zone.
4:31 of 2nd period - Snap shot by Nikita Kucherov.
4:31 of 2nd period - Shot Misses the Net.
4:45 of 2nd period - Minor Penalty to Brendan Lemieux for Hooking.
4:46 of 2nd period - Matt Duchene wins face-off versus Ryan Getzlaf in Lightning zone.
5:22 of 2nd period - Shayne Gostisbehere is hit by Victor Oreskovich and loses puck.
6:45 of 2nd period - Penalty to Brendan Lemieux is over, Brendan Lemieux is back on ice.
6:49 of 2nd period - Shayne Gostisbehere is hit by Kris Versteeg and loses puck.
7:06 of 2nd period - Slapshot by Alex Goligoski.
7:06 of 2nd period - Deflect By Blake Geoffrion.
7:06 of 2nd period - Shot Hit the Post.
7:06 of 2nd period - Puck is out of play.
7:07 of 2nd period - Patrice Bergeron wins face-off versus Quinton Howden in Lightning zone.
7:16 of 2nd period - Snap shot by Patrice Bergeron.
7:16 of 2nd period - Stopped by Brian Elliott with a rebound.
7:18 of 2nd period - Wrist shot by Patrice Bergeron.
7:18 of 2nd period - Shot Hit the Post.
7:24 of 2nd period - Slapshot by Tyler Kennedy.
7:24 of 2nd period - Shot Misses the Net.
7:50 of 2nd period - Alex Goligoski is hit by Noah Hanifin and loses puck.
8:14 of 2nd period - Wrist shot by Alexander Semin.
8:14 of 2nd period - Shot Misses the Net.
8:16 of 2nd period - Snap shot by Petr Straka.
8:16 of 2nd period - Shot Blocked by Jakob Chychrun.
8:18 of 2nd period - Slapshot by Alex Goligoski.
8:18 of 2nd period - Stopped by Alex Nedeljkovic with a rebound.
8:20 of 2nd period - Snap shot by Petr Straka.
8:20 of 2nd period - Shot Misses the Net.
8:24 of 2nd period - Wrist shot by Alexander Semin.
8:24 of 2nd period - Stopped by Alex Nedeljkovic without a rebound.
8:25 of 2nd period - Jack Roslovic wins face-off versus Kirill Kaprizov in Lightning zone.
9:31 of 2nd period - Minor Penalty to Kirill Kaprizov for Roughing.
9:32 of 2nd period - Yanni Gourde wins face-off versus Quinton Howden in Panthers zone.
10:11 of 2nd period - Michael Kostka is hit by Alex Iafallo and loses puck.
10:41 of 2nd period - Quinton Howden is hit by Jakob Chychrun and loses puck.
11:31 of 2nd period - Penalty to Kirill Kaprizov is over, Kirill Kaprizov is back on ice.
11:32 of 2nd period - Kirill Kaprizov is hit by Jack Roslovic and loses puck.
11:45 of 2nd period - Alex Pietrangelo is hit by Shayne Gostisbehere and loses puck.
12:10 of 2nd period - Jesper Fast is hit by Alexander Semin and loses puck.
12:17 of 2nd period - Snap shot by Elias Lindholm.
12:17 of 2nd period - Deflect By Alexander Semin.
12:17 of 2nd period - Shot Misses the Net.
12:17 of 2nd period - Puck is out of play.
12:18 of 2nd period - Patrice Bergeron wins face-off versus Miro Aaltonen in Lightning zone.
12:30 of 2nd period - Nikita Tryamkin is hit by Tyler Kennedy and loses puck.
12:50 of 2nd period - Icing by Griffin Reinhart.
12:51 of 2nd period - Elias Lindholm wins face-off versus Yanni Gourde in Panthers zone.
12:51 of 2nd period - Elias Lindholm is hit by Shayne Gostisbehere.
13:45 of 2nd period - Griffin Reinhart is hit by Jimmy Vesey and loses puck.
14:43 of 2nd period - Snap shot by Jack Roslovic.
14:43 of 2nd period - Shot Blocked by Nikita Tryamkin.
14:45 of 2nd period - Slapshot by Noah Hanifin.
14:45 of 2nd period - Shot Misses the Net.
14:47 of 2nd period - Slapshot by Jakob Chychrun.
14:47 of 2nd period - Shot Blocked by Victor Oreskovich.
14:49 of 2nd period - Snap shot by Brock Boeser.
14:49 of 2nd period - Stopped by Brian Elliott with a rebound.
14:56 of 2nd period - Icing by Nikita Tryamkin.
14:57 of 2nd period - Miro Aaltonen wins face-off versus Patrice Bergeron in Panthers zone.
15:11 of 2nd period - Wrist shot by Kris Versteeg.
15:11 of 2nd period - Shot Hit the Post.
15:13 of 2nd period - Snap shot by Nikita Tryamkin.
15:13 of 2nd period - Shot Misses the Net.
15:23 of 2nd period - Wrist shot by Brendan Lemieux.
15:23 of 2nd period - Shot Blocked by Alex Pietrangelo.
15:29 of 2nd period - Michael Kostka is hit by Miro Aaltonen and loses puck.
16:20 of 2nd period - Snap shot by Kris Versteeg.
16:20 of 2nd period - Stopped by Alex Nedeljkovic with a rebound.
16:30 of 2nd period - Jesper Fast is hit by Jerry D'Amigo and loses puck.
17:24 of 2nd period - Wrist shot by Kris Versteeg.
17:24 of 2nd period - Shot Misses the Net.
17:46 of 2nd period - Jimmy Vesey is hit by Danny DeKeiser.
18:16 of 2nd period - Wrist shot by Quinton Howden.
18:16 of 2nd period - Shot Blocked by Anthony Cirelli.
18:18 of 2nd period - Slapshot by Danny DeKeiser.
18:18 of 2nd period - Shot Blocked by Anthony Cirelli.
18:20 of 2nd period - Snap shot by Quinton Howden.
18:20 of 2nd period - Shot Misses the Net.
18:22 of 2nd period - Snap shot by Alex Goligoski.
18:22 of 2nd period - Deflect By Blake Geoffrion.
18:22 of 2nd period - Shot Blocked by Jakob Chychrun.
18:22 of 2nd period - Puck is out of play.
18:23 of 2nd period - Matt Duchene wins face-off versus Yanni Gourde in Lightning zone.
18:24 of 2nd period - Slapshot by Alex Pietrangelo.
18:24 of 2nd period - Stopped by Alex Nedeljkovic with a rebound.
18:26 of 2nd period - Wrist shot by Kris Versteeg.
18:26 of 2nd period - Shot Blocked by Nikita Kucherov.
18:28 of 2nd period - Slapshot by Alex Pietrangelo.
18:28 of 2nd period - Stopped by Alex Nedeljkovic with a rebound.
18:30 of 2nd period - Slapshot by Nikita Tryamkin.
18:30 of 2nd period - Deflect By Nikita Kucherov.
18:30 of 2nd period - Stopped by Alex Nedeljkovic without a rebound.
18:31 of 2nd period - Matt Duchene wins face-off versus Yanni Gourde in Lightning zone.
18:32 of 2nd period - Wrist shot by Kris Versteeg.
18:32 of 2nd period - Stopped by Alex Nedeljkovic without a rebound.
18:33 of 2nd period - Nikita Kucherov wins face-off versus Matt Duchene in Lightning zone.
18:38 of 2nd period - Nikita Tryamkin is hit by Brendan Lemieux and loses puck.
18:53 of 2nd period - Snap shot by John Carlson.
18:53 of 2nd period - Goal by John Carlson - Panthers : 0 - Lightning : 4.
18:54 of 2nd period - Yanni Gourde wins face-off versus Kirill Kaprizov in neutral zone.
19:27 of 2nd period - Icing by Jack Roslovic.
19:28 of 2nd period - Miro Aaltonen wins face-off versus Jack Roslovic in Lightning zone.
19:41 of 2nd period - Wrist shot by Victor Oreskovich.
19:41 of 2nd period - Shot Misses the Net.
19:52 of 2nd period - John Carlson is hit by Alex Goligoski and loses puck.
19:59 of 2nd period - Slapshot by Miro Aaltonen.
19:59 of 2nd period - Stopped by Alex Nedeljkovic with a rebound.
Goals for this period are 0 for Panthers vs 2 for Lightning.
Shots for this period are 11 for Panthers vs 11 for Lightning.
3rd period
0:01 of 3rd period - Matt Duchene wins face-off versus Yanni Gourde in neutral zone.
0:14 of 3rd period - Slapshot by Brendan Lemieux.
0:14 of 3rd period - Stopped by Brian Elliott with a rebound.
0:55 of 3rd period - Danny DeKeiser is hit by Michael Kostka and loses puck.
0:56 of 3rd period - Danny DeKeiser from Panthers is injured at 0:56 of 3rd period (Right Hand).
0:57 of 3rd period - Matt Duchene wins face-off versus Yanni Gourde in Panthers zone.
0:59 of 3rd period - Icing by Alex Pietrangelo.
1:00 of 3rd period - Matt Duchene wins face-off versus Yanni Gourde in Panthers zone.
1:53 of 3rd period - Wrist shot by Victor Oreskovich.
1:53 of 3rd period - Shot Misses the Net.
2:21 of 3rd period - Slapshot by Shayne Gostisbehere.
2:21 of 3rd period - Stopped by Brian Elliott without a rebound.
2:22 of 3rd period - Miro Aaltonen wins face-off versus Yanni Gourde in Panthers zone.
2:29 of 3rd period - Yanni Gourde is hit by Alex Iafallo and loses puck.
4:05 of 3rd period - Snap shot by Nikita Kucherov.
4:05 of 3rd period - Stopped by Brian Elliott without a rebound.
4:06 of 3rd period - Matt Duchene wins face-off versus Jack Roslovic in Panthers zone.
4:08 of 3rd period - Minor Penalty to Kris Versteeg for Holding Stick.
4:09 of 3rd period - Yanni Gourde wins face-off versus Quinton Howden in Panthers zone.
4:09 of 3rd period - Snap shot by Nikita Kucherov.
4:09 of 3rd period - Stopped by Brian Elliott with a rebound.
4:11 of 3rd period - Wrist shot by Nikita Kucherov.
4:11 of 3rd period - Stopped by Brian Elliott without a rebound.
4:12 of 3rd period - Yanni Gourde wins face-off versus Quinton Howden in Panthers zone.
4:21 of 3rd period - Wrist shot by Nikita Kucherov.
4:21 of 3rd period - Stopped by Brian Elliott with a rebound.
4:23 of 3rd period - Slapshot by John Carlson.
4:23 of 3rd period - Stopped by Brian Elliott with a rebound.
4:51 of 3rd period - Slapshot by Nikita Kucherov.
4:51 of 3rd period - Stopped by Brian Elliott without a rebound.
4:52 of 3rd period - Quinton Howden wins face-off versus Jack Roslovic in Panthers zone.
5:01 of 3rd period - Slapshot by Shayne Gostisbehere.
5:01 of 3rd period - Stopped by Brian Elliott with a rebound.
5:03 of 3rd period - Slapshot by Michael Kostka.
5:03 of 3rd period - Goal by Michael Kostka - Panthers : 0 - Lightning : 5.
5:04 of 3rd period - Matt Duchene wins face-off versus Yanni Gourde in neutral zone.
5:10 of 3rd period - Icing by Victor Hedman.
5:11 of 3rd period - Matt Duchene wins face-off versus Brendan Lemieux in Lightning zone.
5:14 of 3rd period - Slapshot by Matt Duchene.
5:14 of 3rd period - Shot Misses the Net.
5:16 of 3rd period - Snap shot by Kris Versteeg.
5:16 of 3rd period - Goal by Kris Versteeg - Panthers : 1 - Lightning : 5.
5:17 of 3rd period - Matt Duchene wins face-off versus Yanni Gourde in neutral zone.
6:12 of 3rd period - Snap shot by Jesper Fast.
6:12 of 3rd period - Goal by Jesper Fast - Panthers : 1 - Lightning : 6.
6:13 of 3rd period - Matt Duchene wins face-off versus Brendan Lemieux in neutral zone.
6:28 of 3rd period - Snap shot by Matt Duchene.
6:28 of 3rd period - Shot Blocked by Victor Hedman.
7:21 of 3rd period - Icing by Shayne Gostisbehere.
7:22 of 3rd period - Kirill Kaprizov wins face-off versus Patrice Bergeron in Lightning zone.
7:42 of 3rd period - Wrist shot by Jimmy Vesey.
7:42 of 3rd period - Stopped by Brian Elliott with a rebound.
7:44 of 3rd period - Snap shot by Tyler Kennedy.
7:44 of 3rd period - Stopped by Brian Elliott with a rebound.
7:46 of 3rd period - Slapshot by Noah Hanifin.
7:46 of 3rd period - Shot Blocked by Alex Goligoski.
8:25 of 3rd period - Alex Goligoski is hit by Patrice Bergeron and loses puck.
8:32 of 3rd period - Wrist shot by Tyler Kennedy.
8:32 of 3rd period - Stopped by Brian Elliott without a rebound.
8:33 of 3rd period - Yanni Gourde wins face-off versus Alex Iafallo in Panthers zone.
9:02 of 3rd period - Slapshot by Jack Roslovic.
9:02 of 3rd period - Stopped by Brian Elliott without a rebound.
9:03 of 3rd period - Jack Roslovic wins face-off versus Elias Lindholm in Panthers zone.
9:59 of 3rd period - Snap shot by Yanni Gourde.
9:59 of 3rd period - Shot Misses the Net.
10:19 of 3rd period - Wrist shot by Shayne Gostisbehere.
10:19 of 3rd period - Deflect By Alex Goligoski.
10:19 of 3rd period - Stopped by Brian Elliott without a rebound.
10:20 of 3rd period - Matt Duchene wins face-off versus Yanni Gourde in Panthers zone.
10:20 of 3rd period - Matt Duchene is hit by Yanni Gourde.
10:28 of 3rd period - Wrist shot by Matt Duchene.
10:28 of 3rd period - Goal by Matt Duchene - Panthers : 2 - Lightning : 6.
10:29 of 3rd period - Yanni Gourde wins face-off versus Matt Duchene in neutral zone.
11:14 of 3rd period - Snap shot by Yanni Gourde.
11:14 of 3rd period - Deflect By Brendan Lemieux.
11:14 of 3rd period - Shot Misses the Net.
11:14 of 3rd period - Puck is out of play.
11:15 of 3rd period - Matt Duchene wins face-off versus Jack Roslovic in Panthers zone.
11:22 of 3rd period - Slapshot by Shayne Gostisbehere.
11:22 of 3rd period - Shot Blocked by Alex Pietrangelo.
11:24 of 3rd period - Snap shot by Jack Roslovic.
11:24 of 3rd period - Stopped by Brian Elliott with a rebound.
11:26 of 3rd period - Snap shot by Jack Roslovic.
11:26 of 3rd period - Shot Misses the Net.
11:42 of 3rd period - Michael Kostka is hit by Victor Oreskovich and loses puck.
11:47 of 3rd period - Slapshot by Alex Goligoski.
11:47 of 3rd period - Shot Misses the Net.
12:53 of 3rd period - Wrist shot by Brendan Lemieux.
12:53 of 3rd period - Stopped by Brian Elliott with a rebound.
13:27 of 3rd period - Petr Straka is hit by Ryan Getzlaf and loses puck.
14:10 of 3rd period - Matt Duchene is hit by Nikita Kucherov and loses puck.
14:28 of 3rd period - Icing by Matt Duchene.
14:29 of 3rd period - Patrice Bergeron wins face-off versus Miro Aaltonen in Panthers zone.
15:47 of 3rd period - Brendan Lemieux is hit by Elias Lindholm and loses puck.
16:02 of 3rd period - Slapshot by Nikita Kucherov.
16:02 of 3rd period - Stopped by Brian Elliott with a rebound.
16:10 of 3rd period - Brendan Lemieux is hit by Miro Aaltonen.
16:20 of 3rd period - Snap shot by Matt Duchene.
16:20 of 3rd period - Stopped by Alex Nedeljkovic without a rebound.
16:21 of 3rd period - Jack Roslovic wins face-off versus Matt Duchene in Lightning zone.
16:46 of 3rd period - John Carlson is hit by Alex Pietrangelo and loses puck.
17:17 of 3rd period - Backhand shot by Ryan Getzlaf.
17:17 of 3rd period - Shot Misses the Net.
17:27 of 3rd period - Jakob Chychrun is hit by Jerry D'Amigo and loses puck.
17:36 of 3rd period - Wrist shot by Quinton Howden.
17:36 of 3rd period - Shot Misses the Net.
17:53 of 3rd period - Anthony Cirelli is hit by Griffin Reinhart.
18:05 of 3rd period - Nikita Tryamkin is hit by Anthony Cirelli and loses puck.
18:32 of 3rd period - Nikita Tryamkin is hit by Jack Roslovic.
18:51 of 3rd period - Anthony Cirelli is hit by Miro Aaltonen and loses puck.
19:16 of 3rd period - Alex Iafallo is hit by Anthony Cirelli and loses puck.
19:43 of 3rd period - Anthony Cirelli is hit by Victor Oreskovich and loses puck.
Goals for this period are 2 for Panthers vs 2 for Lightning.
Shots for this period are 3 for Panthers vs 19 for Lightning.